A+ CENTRAL
FORT WAYNE TINCAPS @ GREAT LAKES LOONS
09/08/2041
 
TOP OF THE 1ST
Fort Wayne TinCaps batting - Pitching for Great Lakes Loons : RHP Rubén Moreno
Pitching: RHP Rubén Moreno
Batting: SHB Max Bowers 0-0: Swinging Strike
0-1: Swinging Strike
0-2: Ball
1-2: Foul Ball, location: 2F
1-2: DOUBLE (Flyball, 78D, EV 106.3 MPH)
Batting: RHB Walt Stewart 0-0: Fly out, F9 (Flyball, 9LS, EV 89.4 MPH)
Batting: RHB Kuan-tai Xian 0-0: Ball
1-0: Swinging Strike
1-1: Swinging Strike
1-2: Ball
2-2: Foul Ball, location: 3FF
2-2: Ball
3-2: Ground out 5-3 (Groundball, 56S, EV 89.4 MPH)
Max Bowers to third
Batting: RHB Anastasio Zambrano 0-0: Ground out 1-3 (Groundball, 15S, EV 65.0 MPH)
Top of the 1st over - 0 runs, 1 hit, 0 errors, 1 left on base; Fort Wayne 0 - Great Lakes 0
BOTTOM OF THE 1ST
Great Lakes Loons batting - Pitching for Fort Wayne TinCaps : LHP A.C. Wagner
Pitching: LHP A.C. Wagner
Batting: RHB Stu MacNeill 0-0: Foul Ball, location: 25FF
0-1: Ball
1-1: Foul Ball, location: 5F
1-2: Foul Ball, location: 9LMF
1-2: Foul Ball, location: 25FF
1-2: Foul Ball, location: 2F
1-2: Foul Ball, location: 2F
1-2: Ball
2-2: Ground out 6-3 (Groundball, 6, EV 81.3 MPH)
Batting: RHB Steve Dickerson 0-0: Swinging Strike
0-1: Foul Ball, location: 5FF
0-2: Strikes out swinging
Batting: LHB Ken Latrobe 0-0: Ball
1-0: Called Strike
1-1: Ball
2-1: Ball
3-1: Foul Ball, location: 3F
3-2: Strikes out looking
Bottom of the 1st over - 0 runs, 0 hits, 0 errors, 0 left on base; Fort Wayne 0 - Great Lakes 0
TOP OF THE 2ND
Fort Wayne TinCaps batting - Pitching for Great Lakes Loons : RHP Rubén Moreno
Batting: SHB Bob Weaver 0-0: SINGLE (Line Drive, 34D, EV 97.5 MPH)
Batting: SHB Dave Combs 0-0: Ball
1-0: Sac Bunt to 2R - play at first, batter safe!
Bob Weaver to second
Batting: LHB Charlie Fritz 0-0: Ball
1-0: Called Strike
1-1: SINGLE (Line Drive, 56, EV 102.5 MPH)
Bob Weaver to third
Dave Combs to second
Batting: RHB Randy Lang 0-0: Called Strike
0-1: Fielders Choice at 2nd, 3-6 (Groundball, 3, EV 91.3 MPH)
Bob Weaver scores
Dave Combs to third
Batting: RHB Joe King 0-0: Foul Ball, location: 25F
0-1: Grounds into double play, 6-4-3 (Groundball, 6, EV 87.5 MPH)
Top of the 2nd over - 1 run, 3 hits, 0 errors, 1 left on base; Fort Wayne 1 - Great Lakes 0
BOTTOM OF THE 2ND
Great Lakes Loons batting - Pitching for Fort Wayne TinCaps : LHP A.C. Wagner
Batting: RHB Jim Turner 0-0: Ground out 5-3 (Groundball, 56, EV 91.9 MPH)
Batting: RHB Ty Oswald 0-0: Ball
1-0: Swinging Strike
1-1: Foul Ball, location: 2F
1-2: Strikes out swinging
Batting: SHB Dave Barker 0-0: Ball
1-0: Ground out 6-3 (Groundball, P, EV 88.8 MPH)
Bottom of the 2nd over - 0 runs, 0 hits, 0 errors, 0 left on base; Fort Wayne 1 - Great Lakes 0
TOP OF THE 3RD
Fort Wayne TinCaps batting - Pitching for Great Lakes Loons : RHP Rubén Moreno
Batting: SHB Max Bowers 0-0: Ball
1-0: Ball
2-0: Ball
3-0: Called Strike
3-1: Base on Balls
Batting: RHB Walt Stewart 0-0: Called Strike
Max Bowers steals 2nd base
0-1: Bunted foul
0-2: Ball
1-2: Foul Ball, location: 2F
1-2: Ball
2-2: Strikes out swinging
Batting: RHB Kuan-tai Xian 0-0: Foul Ball, location: 2F
0-1: Ball
1-1: Ball
2-1: Ball
3-1: Reached on error, E6 (Groundball, 6M, EV 86.3 MPH)
Batting: RHB Anastasio Zambrano 0-0: Grounds into double play, 4-6-3 (Groundball, 34, EV 94.4 MPH)
Top of the 3rd over - 0 runs, 0 hits, 1 error, 1 left on base; Fort Wayne 1 - Great Lakes 0
BOTTOM OF THE 3RD
Great Lakes Loons batting - Pitching for Fort Wayne TinCaps : LHP A.C. Wagner
Batting: RHB Eric Pérez 0-0: Ball
1-0: Ball
2-0: Ball
3-0: Base on Balls
Batting: RHB Bernardo Raozón 0-0: Ball
1-0: Ball
2-0: Sac Bunt to 23 - play at first, batter OUT! 3-4
Eric Pérez to second
Batting: RHB Raúl Mercado 0-0: Called Strike
0-1: Foul Ball, location: 3F
0-2: Strikes out swinging
Batting: RHB Stu MacNeill 0-0: Swinging Strike
0-1: Swinging Strike
0-2: Strikes out looking
Bottom of the 3rd over - 0 runs, 0 hits, 0 errors, 1 left on base; Fort Wayne 1 - Great Lakes 0
TOP OF THE 4TH
Fort Wayne TinCaps batting - Pitching for Great Lakes Loons : RHP Rubén Moreno
Batting: SHB Bob Weaver 0-0: Ball
1-0: Ball
2-0: Foul Ball, location: 2F
2-1: Swinging Strike
2-2: Ball
3-2: Strikes out swinging
Batting: SHB Dave Combs 0-0: Called Strike
0-1: Swinging Strike
0-2: Foul Ball, location: 2F
0-2: Fly out, F7 (Flyball, 7LMF, EV 89.4 MPH)
Batting: LHB Charlie Fritz 0-0: Called Strike
0-1: Called Strike
0-2: SINGLE (Groundball, 34D, EV 100.6 MPH)
Batting: RHB Randy Lang 0-0: Swinging Strike
0-1: Ball
1-1: Ball
2-1: Ball
3-1: Foul Ball, location: 9LSF
3-2: Strikes out swinging
Top of the 4th over - 0 runs, 1 hit, 0 errors, 1 left on base; Fort Wayne 1 - Great Lakes 0
BOTTOM OF THE 4TH
Great Lakes Loons batting - Pitching for Fort Wayne TinCaps : LHP A.C. Wagner
Batting: RHB Steve Dickerson 0-0: Foul Ball, location: 2F
0-1: Ball
1-1: Fly out, F8 (Flyball, 8RD, EV 95.6 MPH)
Batting: LHB Ken Latrobe 0-0: Foul Ball, location: 2F
0-1: Ground out 6-3 (Groundball, 6S, EV 75.0 MPH)
Batting: RHB Jim Turner 0-0: Called Strike
0-1: Fly out, F8 (Flyball, 78D, EV 91.3 MPH)
Bottom of the 4th over - 0 runs, 0 hits, 0 errors, 0 left on base; Fort Wayne 1 - Great Lakes 0
TOP OF THE 5TH
Fort Wayne TinCaps batting - Pitching for Great Lakes Loons : RHP Rubén Moreno
Batting: RHB Joe King 0-0: Called Strike
0-1: Swinging Strike
0-2: Foul Ball, location: 2F
0-2: Ball
1-2: Fly out, F7 (Flyball, 7, EV 81.9 MPH)
Batting: SHB Max Bowers 0-0: Ball
1-0: Ball
2-0: Ball
3-0: Called Strike
3-1: Ground out 4-3 (Groundball, 4S, EV 75.6 MPH)
Batting: RHB Walt Stewart 0-0: Called Strike
0-1: Ball
1-1: SOLO HOME RUN (Flyball, 7D, EV 96.3 MPH), Distance : 364 ft
Batting: RHB Kuan-tai Xian 0-0: Ball
1-0: Called Strike
1-1: Ball
2-1: Foul Ball, location: 9LMF
2-2: Ball
3-2: Strikes out looking
Top of the 5th over - 1 run, 1 hit, 0 errors, 0 left on base; Fort Wayne 2 - Great Lakes 0
BOTTOM OF THE 5TH
Great Lakes Loons batting - Pitching for Fort Wayne TinCaps : LHP A.C. Wagner
Batting: RHB Ty Oswald 0-0: Ball
1-0: Foul Ball, location: 25F
1-1: Swinging Strike
1-2: Ball
2-2: Ball
3-2: Ground out 6-3 (Groundball, 6S, EV 69.4 MPH)
Batting: SHB Dave Barker 0-0: Ball
1-0: Ball
2-0: Ball
3-0: Called Strike
3-1: Foul Ball, location: 7LSF
3-2: Base on Balls
Batting: RHB Eric Pérez 0-0: Fielders Choice at 2nd, 1-6 (Groundball, 13S, EV 66.3 MPH)
Batting: RHB Bernardo Raozón 0-0: Called Strike
0-1: Ball
Eric Pérez is caught stealing 2nd base 2-4
Bottom of the 5th over - 0 runs, 0 hits, 0 errors, 0 left on base; Fort Wayne 2 - Great Lakes 0
TOP OF THE 6TH
Fort Wayne TinCaps batting - Pitching for Great Lakes Loons : RHP Rubén Moreno
Batting: RHB Anastasio Zambrano 0-0: Ball
1-0: Foul Ball, location: 7LSF
1-1: SINGLE (Groundball, 34D, EV 101.3 MPH)
Batting: SHB Bob Weaver 0-0: Ball
1-0: Fly out, F8 (Flyball, 8LXD, EV 106.9 MPH)
Batting: SHB Dave Combs 0-0: Called Strike
0-1: Ball
1-1: Ball
2-1: Foul Ball, location: 2F
2-2: Foul Ball, location: 2F
2-2: Strikes out swinging
Batting: LHB Charlie Fritz 0-0: Ball
1-0: Fly out, F8 (Line Drive, 8LD, EV 90.6 MPH)
Top of the 6th over - 0 runs, 1 hit, 0 errors, 1 left on base; Fort Wayne 2 - Great Lakes 0
BOTTOM OF THE 6TH
Great Lakes Loons batting - Pitching for Fort Wayne TinCaps : LHP A.C. Wagner
Batting: RHB Bernardo Raozón 0-0: Called Strike
0-1: Foul Ball, location: 2F
0-2: Ball
1-2: Ball
2-2: Ball
3-2: Base on Balls
Batting: RHB Raúl Mercado 0-0: Bunted foul
0-1: Bunted foul
0-2: Ball
1-2: Ball
2-2: Ball
3-2: Base on Balls
Bernardo Raozón to second
Batting: RHB Stu MacNeill 0-0: Called Strike
0-1: Sac Bunt to 13 - play at first, batter OUT! 1-3
Bernardo Raozón to third
Raúl Mercado to second
Batting: RHB Steve Dickerson 0-0: SINGLE (Groundball, 4MD, EV 102.5 MPH)
Bernardo Raozón scores
Raúl Mercado to third
Runner from 3rd tries for Home, SAFE, throw by CF to home
Batting: LHB Ken Latrobe 0-0: Ball
1-0: Called Strike
1-1: Ball
2-1: Foul Ball, location: 7LDF
2-2: Ball
3-2: Grounds into double play, 6-4-3 (Groundball, 6, EV 105.0 MPH)
Bottom of the 6th over - 2 runs, 1 hit, 0 errors, 0 left on base; Fort Wayne 2 - Great Lakes 2
TOP OF THE 7TH
Fort Wayne TinCaps batting - Pitching for Great Lakes Loons : RHP Rubén Moreno
Batting: RHB Randy Lang 0-0: Ball
1-0: Foul Ball, location: 5F
1-1: Ball
2-1: Ball
3-1: Base on Balls
Pitching: RHP Jesús Avilés
Batting: RHB Joe King 0-0: Sac Bunt to 2L - play at first, batter OUT! 2-3
Randy Lang to second
Pinch Hitting: RHB Jeff Wright 0-0: Called Strike
0-1: Fly out, F5 (Popup, 56S, EV 85.0 MPH)
Batting: RHB Walt Stewart 0-0: Ball
1-0: Foul Ball, location: 2RF
1-1: Ball
2-1: Foul Ball, location: 2F
2-2: Foul Ball, location: 5F
2-2: Strikes out swinging
Top of the 7th over - 0 runs, 0 hits, 0 errors, 1 left on base; Fort Wayne 2 - Great Lakes 2
BOTTOM OF THE 7TH
Great Lakes Loons batting - Pitching for Fort Wayne TinCaps : LHP A.C. Wagner
Pitching: LHP Alvin Weaver
Now in CF: Raúl García
Batting: RHB Jim Turner 0-0: Ball
1-0: Ball
2-0: Ball
3-0: Base on Balls
Batting: RHB Ty Oswald 0-0: Ball
1-0: Foul Ball, location: 3FF
1-1: Ball
2-1: Fly out, F6 (Popup, P, EV 85.6 MPH)
Batting: SHB Dave Barker 0-0: Ball
1-0: Ball
2-0: Ball
3-0: Called Strike
3-1: Foul Ball, location: 2F
3-2: Foul Ball, location: 25F
3-2: Base on Balls
Jim Turner to second
Batting: RHB Eric Pérez 0-0: Called Strike
0-1: Called Strike
0-2: SINGLE (Groundball, 34D, EV 110.6 MPH)
Jim Turner to third
Dave Barker to second
Runner from 3rd tries for Home, SAFE, throw by RF to home
Batting: RHB Bernardo Raozón 0-0: Ball
1-0: Foul Ball, location: 2F
1-1: SINGLE (Groundball, 34D, EV 100.6 MPH)
Dave Barker to third
Eric Pérez to second
Runner from 3rd tries for Home, throw by RF and OUT! 9-2
Batting: RHB Raúl Mercado 0-0: Ball
1-0: Ball
2-0: Ball
3-0: Called Strike
3-1: Base on Balls
Eric Pérez to third
Bernardo Raozón to second
Batting: RHB Stu MacNeill 0-0: Called Strike
0-1: Foul Ball, location: 5F
0-2: Ball
1-2: Foul Ball, location: 9LDF
1-2: Fly out, F8 (Flyball, 8RM, EV 80.0 MPH)
Bottom of the 7th over - 1 run, 2 hits, 0 errors, 3 left on base; Fort Wayne 2 - Great Lakes 3
TOP OF THE 8TH
Fort Wayne TinCaps batting - Pitching for Great Lakes Loons : RHP Jesús Avilés
Batting: RHB Kuan-tai Xian 0-0: Ball
1-0: Ground out 1-3 (Groundball, 23, EV 74.4 MPH)
Pinch Hitting: RHB Peder Fenger 0-0: Foul Ball, location: 7LDF
0-1: Ball
1-1: DOUBLE (Line Drive, 89XD, EV 104.4 MPH)
Batting: SHB Bob Weaver 0-0: Fly out, F8 (Flyball, 8LXD, EV 98.8 MPH)
Runner from 2nd tags up, SAFE at 3rd, no throw by CF
Batting: SHB Dave Combs 0-0: Called Strike
0-1: Ball
1-1: Foul Ball, location: 9LSF
1-2: Ground out 4-3 (Groundball, 4, EV 100.6 MPH)
Top of the 8th over - 0 runs, 1 hit, 0 errors, 1 left on base; Fort Wayne 2 - Great Lakes 3
BOTTOM OF THE 8TH
Great Lakes Loons batting - Pitching for Fort Wayne TinCaps : LHP Alvin Weaver
Now in LF: Peder Fenger
Now in RF: Kuan-tai Xian
Batting: RHB Steve Dickerson 0-0: SINGLE (Groundball, 4MD, EV 108.8 MPH)
Pinch Hitting: RHB Juan Olivas 0-0: Foul Ball, location: 2LF
0-1: Foul Ball, location: 25F
0-2: Ball
1-2: Ball
2-2: Reached on error, E5 (Groundball, 56, EV 88.8 MPH)
Steve Dickerson to second
Batting: RHB Jim Turner 0-0: Ball
1-0: Swinging Strike
1-1: Ball
2-1: Foul Ball, location: 7LSF
2-2: Ball
3-2: Base on Balls
Steve Dickerson to third
Juan Olivas to second
Batting: RHB Ty Oswald 0-0: Grounds into fielders choice 4-2 (Groundball, 4, EV 81.3 MPH)
Juan Olivas to third
Jim Turner to second
Batting: SHB Dave Barker 0-0: Foul Ball, location: 2F
0-1: Ball
1-1: Called Strike
1-2: Ball
2-2: Ball
3-2: Base on Balls
Juan Olivas scores
Jim Turner to third
Ty Oswald to second
Pitching: RHP Jerry Myers
Batting: RHB Eric Pérez 0-0: Foul Ball, location: 2F
0-1: Grounds into fielders choice 5-2 (Groundball, 56, EV 91.3 MPH)
Ty Oswald to third
Dave Barker to second
Batting: RHB Bernardo Raozón 0-0: Foul Ball, location: 25FF
0-1: Called Strike
0-2: Foul Ball, location: 3F
0-2: Ball
1-2: Ball
2-2: Strikes out swinging
Bottom of the 8th over - 1 run, 1 hit, 1 error, 3 left on base; Fort Wayne 2 - Great Lakes 4
TOP OF THE 9TH
Fort Wayne TinCaps batting - Pitching for Great Lakes Loons : RHP Jesús Avilés
Pitching: RHP Dylan Perkins
Now at 1B: Albert Ríos
Now in LF: Mike Snelling
Now in CF: Lineu Jonne
Now in RF: Stu MacNeill
Batting: LHB Charlie Fritz 0-0: Ball
1-0: Ground out 4-3 (Groundball, 4, EV 82.5 MPH)
Batting: LHB Curt Stover 0-0: Ball
1-0: Called Strike
1-1: Ground out U3 (Groundball, 3S, EV 70.0 MPH)
Pinch Hitting: RHB Orlando Hernández 0-0: Called Strike
0-1: Ball
1-1: Ball
2-1: Swinging Strike
2-2: Ball
3-2: Foul Ball, location: 9LMF
3-2: Foul Ball, location: 3SF
3-2: Strikes out swinging
Top of the 9th over - 0 runs, 0 hits, 0 errors, 0 left on base; Fort Wayne 2 - Great Lakes 4
Monday, April 1st , 2024 - OOTP Baseball 24.10 Build 82